| TOP OF THE 1ST |
|
Greeneville Astros batting - Pitching for Orem Owlz : RHP Getachew El Sayed
|
|
Pitching: RHP Getachew El Sayed
|
|
|
Batting: RHB Omar Amaya
|
0-0: Fly out, F8 (Flyball, 89S, EV 96.2 MPH)
|
|
Batting: RHB Russ Greer
|
0-0: Ball 1-0: Swinging Strike 1-1: Foul Ball, location: 2F 1-2: Ball 2-2: Strikes out swinging
|
|
Batting: LHB Daigo Ishii
|
0-0: Foul Ball, location: 2F 0-1: Ball 1-1: Called Strike 1-2: Strikes out swinging
|
| Top of the 1st over - 0 runs, 0 hits, 0 errors, 0 left on base; Greeneville 0 - Orem 0 |
| BOTTOM OF THE 1ST |
|
Orem Owlz batting - Pitching for Greeneville Astros : RHP Tony Barrios
|
|
Pitching: RHP Tony Barrios
|
|
|
Batting: RHB Nick Lombardo
|
0-0: Ball 1-0: Swinging Strike 1-1: Ball 2-1: Ball 3-1: Foul Ball, location: 2F 3-2: Foul Ball, location: 2F 3-2: Ground out 6-3 (Groundball, 6, EV 88.1 MPH)
|
|
Batting: RHB Ricky Mejicanos
|
0-0: Ground out 1-3 (Groundball, 13S, EV 67.5 MPH)
|
|
Batting: LHB Dave Hicks
|
0-0: Called Strike 0-1: Ball 1-1: Called Strike 1-2: Strikes out swinging
|
| Bottom of the 1st over - 0 runs, 0 hits, 0 errors, 0 left on base; Greeneville 0 - Orem 0 |
| TOP OF THE 2ND |
|
Greeneville Astros batting - Pitching for Orem Owlz : RHP Getachew El Sayed
|
|
Batting: LHB Mark Dearth
|
0-0: Called Strike 0-1: Ball 1-1: Swinging Strike 1-2: Foul Ball, location: 2F 1-2: Ball 2-2: Strikes out swinging
|
|
Batting: RHB Yoshitoshi Mori
|
0-0: Foul Ball, location: 2F 0-1: Ball 1-1: Swinging Strike 1-2: Ball 2-2: Strikes out looking
|
|
Batting: RHB Keith Goodwin
|
0-0: DOUBLE (Groundball, 5L, EV 99.4 MPH)
|
|
Batting: RHB Gabe Allen
|
0-0: Foul Ball, location: 2F 0-1: Ball 1-1: Called Strike 1-2: Strikes out looking
|
| Top of the 2nd over - 0 runs, 1 hit, 0 errors, 1 left on base; Greeneville 0 - Orem 0 |
| BOTTOM OF THE 2ND |
|
Orem Owlz batting - Pitching for Greeneville Astros : RHP Tony Barrios
|
|
Batting: RHB Peter Westover
|
0-0: Ball 1-0: Swinging Strike 1-1: Ball 2-1: Ball 3-1: Base on Balls
|
|
Batting: RHB Wilford Harper
|
0-0: Called Strike 0-1: Ball 1-1: Ball 2-1: Foul Ball, location: 2F 2-2: Ball 3-2: Strikes out swinging
|
|
Batting: LHB Bill Girton
|
0-0: Ball 1-0: Ball 2-0: Foul Ball, location: 2F 2-1: Foul Ball, location: 2F 2-2: Foul Ball, location: 2F 2-2: Foul Ball, location: 2F 2-2: Ball 3-2: Base on Balls Peter Westover to second
|
|
Batting: LHB Alberto Carrillo
|
0-0: Ball 1-0: Fielders Choice at 2nd, 6-4 (Groundball, 6, EV 86.9 MPH) Peter Westover to third
|
|
Batting: RHB Trevor Kingston
|
0-0: Called Strike 0-1: Ball 1-1: Ball 2-1: Ground out 5-3 (Groundball, 5S, EV 89.4 MPH)
|
| Bottom of the 2nd over - 0 runs, 0 hits, 0 errors, 2 left on base; Greeneville 0 - Orem 0 |
| TOP OF THE 3RD |
|
Greeneville Astros batting - Pitching for Orem Owlz : RHP Getachew El Sayed
|
|
Batting: SHB Miguel Sierra
|
0-0: Ball 1-0: Ball 2-0: Ball 3-0: Called Strike 3-1: Swinging Strike 3-2: Strikes out swinging
|
|
Batting: RHB Roger Pelley
|
0-0: Foul Ball, location: 2F 0-1: Swinging Strike 0-2: Ball 1-2: Ball 2-2: Strikes out swinging
|
|
Batting: RHB Omar Amaya
|
0-0: Ball 1-0: Called Strike 1-1: Ground out 1-3 (Groundball, 13, EV 65.6 MPH)
|
| Top of the 3rd over - 0 runs, 0 hits, 0 errors, 0 left on base; Greeneville 0 - Orem 0 |
| BOTTOM OF THE 3RD |
|
Orem Owlz batting - Pitching for Greeneville Astros : RHP Tony Barrios
|
|
Batting: RHB Rory Cobb
|
0-0: Ball 1-0: Fly out, F8 (Flyball, 78M, EV 90.0 MPH)
|
|
Batting: RHB Nick Lombardo
|
0-0: Swinging Strike 0-1: Ground out 6-3 (Groundball, 56, EV 89.4 MPH)
|
|
Batting: RHB Ricky Mejicanos
|
0-0: Called Strike 0-1: Swinging Strike 0-2: Fly out, F1 (Popup, 13, EV 73.8 MPH)
|
| Bottom of the 3rd over - 0 runs, 0 hits, 0 errors, 0 left on base; Greeneville 0 - Orem 0 |
| TOP OF THE 4TH |
|
Greeneville Astros batting - Pitching for Orem Owlz : RHP Getachew El Sayed
|
|
Batting: RHB Russ Greer
|
0-0: Ball 1-0: Foul Ball, location: 2F 1-1: Swinging Strike 1-2: Foul Ball, location: 2F 1-2: Foul Ball, location: 2F 1-2: Strikes out swinging
|
|
Batting: LHB Daigo Ishii
|
0-0: Ball 1-0: Foul Ball, location: 2F 1-1: Ball 2-1: Ball 3-1: Base on Balls
|
|
Batting: LHB Mark Dearth
|
0-0: Ball 1-0: Called Strike Daigo Ishii is caught stealing 2nd base 2-6 1-1: Ball 2-1: Foul Ball, location: 2F 2-2: DOUBLE (Groundball, 3L, EV 107.5 MPH)
|
|
Batting: RHB Yoshitoshi Mori
|
0-0: Ball 1-0: Ball 2-0: Ball 3-0: Called Strike 3-1: Foul Ball, location: 2F 3-2: Base on Balls
|
|
Batting: RHB Keith Goodwin
|
0-0: Foul Ball, location: 2F 0-1: Called Strike 0-2: Ball 1-2: Ball 2-2: Foul Ball, location: 2F 2-2: Ball 3-2: Strikes out swinging
|
| Top of the 4th over - 0 runs, 1 hit, 0 errors, 2 left on base; Greeneville 0 - Orem 0 |
| BOTTOM OF THE 4TH |
|
Orem Owlz batting - Pitching for Greeneville Astros : RHP Tony Barrios
|
|
Batting: LHB Dave Hicks
|
0-0: SOLO HOME RUN (Flyball, 7D, EV 96.2 MPH), Distance : 388 ft
|
|
Batting: RHB Peter Westover
|
0-0: Ground out 5-3 (Groundball, 56, EV 86.9 MPH)
|
|
Batting: RHB Wilford Harper
|
0-0: Foul Ball, location: 2F 0-1: Ball 1-1: Foul Ball, location: 2F 1-2: Ball 2-2: Foul Ball, location: 2F 2-2: Fly out, F4 (Line Drive, 4, EV 71.2 MPH)
|
|
Batting: LHB Bill Girton
|
0-0: Called Strike 0-1: Ball 1-1: Called Strike 1-2: Ball 2-2: Strikes out swinging
|
| Bottom of the 4th over - 1 run, 1 hit, 0 errors, 0 left on base; Greeneville 0 - Orem 1 |
| TOP OF THE 5TH |
|
Greeneville Astros batting - Pitching for Orem Owlz : RHP Getachew El Sayed
|
|
Batting: RHB Gabe Allen
|
0-0: Ball 1-0: Called Strike 1-1: Foul Ball, location: 2F 1-2: Foul Ball, location: 2F 1-2: Strikes out looking
|
|
Batting: SHB Miguel Sierra
|
0-0: Ball 1-0: Fly out, F8 (Flyball, 8LD, EV 98.1 MPH)
|
|
Batting: RHB Roger Pelley
|
0-0: Foul Ball, location: 2F 0-1: Ball 1-1: Foul Ball, location: 2F 1-2: Strikes out looking
|
| Top of the 5th over - 0 runs, 0 hits, 0 errors, 0 left on base; Greeneville 0 - Orem 1 |
| BOTTOM OF THE 5TH |
|
Orem Owlz batting - Pitching for Greeneville Astros : RHP Tony Barrios
|
|
Batting: LHB Alberto Carrillo
|
0-0: Ball 1-0: Ball 2-0: Called Strike 2-1: Swinging Strike 2-2: Foul Ball, location: 2F 2-2: Strikes out swinging, 2-3 out at first.
|
|
Batting: RHB Trevor Kingston
|
0-0: Foul Ball, location: 2F 0-1: Ball 1-1: Ball 2-1: SINGLE (Groundball, 6D, EV 104.4 MPH)
|
|
Batting: RHB Rory Cobb
|
0-0: Ball 1-0: Ball Passed Ball! Trevor Kingston to second 2-0: Called Strike 2-1: Ground out U3 (Groundball, 34, EV 78.8 MPH) Trevor Kingston to third
|
|
Batting: RHB Nick Lombardo
|
0-0: SINGLE (Line Drive, 4MD, EV 98.8 MPH) Trevor Kingston scores
|
|
Batting: RHB Ricky Mejicanos
|
0-0: Ball Nick Lombardo steals 2nd base 1-0: Ball 2-0: Ball 3-0: Base on Balls
|
|
Batting: LHB Dave Hicks
|
0-0: Called Strike 0-1: Ball 1-1: DOUBLE (Line Drive, 7LS, EV 100.0 MPH) Nick Lombardo scores Ricky Mejicanos to third Runner from 3rd tries for Home, SAFE, no throw by LF
|
|
Batting: RHB Peter Westover
|
0-0: Called Strike 0-1: Foul Ball, location: 2F 0-2: Foul Ball, location: 2F 0-2: DOUBLE (Line Drive, 8RXD, EV 105.0 MPH) Dave Hicks scores
|
|
Batting: RHB Wilford Harper
|
0-0: Called Strike 0-1: Ball 1-1: Swinging Strike 1-2: 2-RUN HOME RUN (Line Drive, 78XD, EV 109.4 MPH), Distance : 428 ft
|
|
Pitching: RHP Kuaika Anakala
|
|
|
Batting: LHB Bill Girton
|
0-0: Ball 1-0: Ball 2-0: Ball 3-0: Base on Balls
|
|
Batting: LHB Alberto Carrillo
|
0-0: Called Strike 0-1: Swinging Strike 0-2: Foul Ball, location: 2F 0-2: Fly out, F8 (Flyball, 89S, EV 88.1 MPH)
|
| Bottom of the 5th over - 6 runs, 5 hits, 0 errors, 1 left on base; Greeneville 0 - Orem 7 |
| TOP OF THE 6TH |
|
Greeneville Astros batting - Pitching for Orem Owlz : RHP Getachew El Sayed
|
|
Pitching: LHP Paul Griffin
|
|
|
Batting: RHB Omar Amaya
|
0-0: Swinging Strike 0-1: Fly out, F8 (Flyball, 89M, EV 97.5 MPH)
|
|
Batting: RHB Russ Greer
|
0-0: Ball 1-0: SINGLE (Groundball, 56D, EV 108.8 MPH)
|
|
Batting: LHB Daigo Ishii
|
0-0: Ball 1-0: Called Strike 1-1: Fly out, F8 (Flyball, 8LM, EV 90.6 MPH)
|
|
Batting: LHB Mark Dearth
|
0-0: Called Strike 0-1: Ball 1-1: Foul Ball, location: 2F 1-2: Foul Ball, location: 2F 1-2: Strikes out swinging
|
| Top of the 6th over - 0 runs, 1 hit, 0 errors, 1 left on base; Greeneville 0 - Orem 7 |
| BOTTOM OF THE 6TH |
|
Orem Owlz batting - Pitching for Greeneville Astros : RHP Kuaika Anakala
|
|
Batting: RHB Trevor Kingston
|
0-0: Ball 1-0: Called Strike 1-1: Ball 2-1: Called Strike 2-2: Foul Ball, location: 2F 2-2: Ball 3-2: Foul Ball, location: 2F 3-2: Foul Ball, location: 2F 3-2: Base on Balls
|
|
Batting: RHB Rory Cobb
|
0-0: Called Strike 0-1: Called Strike 0-2: Grounds into double play, 3-6-3 (Groundball, 34, EV 87.5 MPH)
|
|
Batting: RHB Nick Lombardo
|
0-0: Called Strike 0-1: Ball 1-1: Swinging Strike 1-2: Ball 2-2: Foul Ball, location: 2F 2-2: Ball 3-2: Strikes out looking
|
| Bottom of the 6th over - 0 runs, 0 hits, 0 errors, 0 left on base; Greeneville 0 - Orem 7 |
| TOP OF THE 7TH |
|
Greeneville Astros batting - Pitching for Orem Owlz : LHP Paul Griffin
|
|
Batting: RHB Yoshitoshi Mori
|
0-0: Ball 1-0: Foul Ball, location: 2F 1-1: Ball 2-1: Fly out, F7 (Flyball, 7, EV 90.6 MPH)
|
|
Batting: RHB Keith Goodwin
|
0-0: Called Strike 0-1: Ball 1-1: Ball 2-1: Ball 3-1: DOUBLE (Groundball, 5L, EV 103.1 MPH)
|
|
Batting: RHB Gabe Allen
|
0-0: Called Strike 0-1: Ball 1-1: Called Strike 1-2: Ball 2-2: Ground out U3 (Groundball, 13, EV 86.9 MPH) Keith Goodwin to third
|
|
Batting: SHB Miguel Sierra
|
0-0: Ground out 5-3 (Groundball, 56D, EV 103.8 MPH)
|
| Top of the 7th over - 0 runs, 1 hit, 0 errors, 1 left on base; Greeneville 0 - Orem 7 |
| BOTTOM OF THE 7TH |
|
Orem Owlz batting - Pitching for Greeneville Astros : RHP Kuaika Anakala
|
|
Batting: RHB Ricky Mejicanos
|
0-0: Called Strike 0-1: Ball 1-1: Ball 2-1: Ball 3-1: Called Strike 3-2: Ground out 1-3 (Groundball, 13S, EV 70.6 MPH)
|
|
Batting: LHB Dave Hicks
|
0-0: Hit by Pitch
|
|
Pitching: RHP Mike Wirick
|
|
|
Batting: RHB Peter Westover
|
0-0: Called Strike 0-1: Ball 1-1: Ball Passed Ball! Dave Hicks to second 2-1: 2-RUN HOME RUN (Flyball, 7LD, EV 95.6 MPH), Distance : 355 ft
|
|
Batting: RHB Wilford Harper
|
0-0: Foul Ball, location: 2F 0-1: Ball 1-1: Ground out 6-3 (Groundball, 6, EV 93.1 MPH)
|
|
Batting: LHB Bill Girton
|
0-0: Called Strike 0-1: Swinging Strike 0-2: Ball 1-2: Strikes out swinging, 2-3 out at first.
|
| Bottom of the 7th over - 2 runs, 1 hit, 0 errors, 0 left on base; Greeneville 0 - Orem 9 |
| TOP OF THE 8TH |
|
Greeneville Astros batting - Pitching for Orem Owlz : LHP Paul Griffin
|
|
Batting: RHB Roger Pelley
|
0-0: Swinging Strike 0-1: Ball 1-1: Called Strike 1-2: Foul Ball, location: 2F 1-2: Ball 2-2: Foul Ball, location: 2F 2-2: Ball 3-2: SINGLE (Groundball, 4M, EV 106.9 MPH)
|
|
Batting: RHB Omar Amaya
|
0-0: Called Strike 0-1: Swinging Strike 0-2: TRIPLE (Flyball, 78XD, EV 94.4 MPH) Roger Pelley scores
|
|
Batting: RHB Russ Greer
|
0-0: Ball 1-0: Ball 2-0: Ball Wild Pitch! Omar Amaya scores 3-0: Called Strike 3-1: Foul Ball, location: 2F 3-2: Ground out 4-3 (Groundball, 4M, EV 103.1 MPH)
|
|
Batting: LHB Daigo Ishii
|
0-0: Ball 1-0: Called Strike 1-1: Foul Ball, location: 2F 1-2: Strikes out swinging
|
|
Batting: LHB Mark Dearth
|
0-0: Ball 1-0: Ground out 5-3 (Groundball, 6, EV 83.1 MPH)
|
| Top of the 8th over - 2 runs, 2 hits, 0 errors, 0 left on base; Greeneville 2 - Orem 9 |
| BOTTOM OF THE 8TH |
|
Orem Owlz batting - Pitching for Greeneville Astros : RHP Mike Wirick
|
|
Batting: LHB Alberto Carrillo
|
0-0: Swinging Strike 0-1: Ball 1-1: Foul Ball, location: 2F 1-2: Ball 2-2: Strikes out swinging
|
|
Batting: RHB Trevor Kingston
|
0-0: Ball 1-0: Ball 2-0: Swinging Strike 2-1: Swinging Strike 2-2: Foul Ball, location: 2F 2-2: Ball 3-2: Foul Ball, location: 2F 3-2: Strikes out looking
|
|
Batting: RHB Rory Cobb
|
0-0: SINGLE (Groundball, 34S, EV 70.0 MPH) (infield hit)
|
|
Batting: RHB Nick Lombardo
|
0-0: Called Strike 0-1: Fly out, F8 (Flyball, 8RM, EV 78.8 MPH)
|
| Bottom of the 8th over - 0 runs, 1 hit, 0 errors, 1 left on base; Greeneville 2 - Orem 9 |
| TOP OF THE 9TH |
|
Greeneville Astros batting - Pitching for Orem Owlz : LHP Paul Griffin
|
|
Pitching: RHP Josh Brewer
|
|
|
Batting: RHB Yoshitoshi Mori
|
0-0: Called Strike 0-1: Swinging Strike 0-2: Foul Ball, location: 2F 0-2: Strikes out swinging
|
|
Batting: RHB Keith Goodwin
|
0-0: Called Strike 0-1: Foul Ball, location: 2F 0-2: Foul Ball, location: 2F 0-2: Ball 1-2: Foul Ball, location: 2F 1-2: Ball 2-2: Foul Ball, location: 2F 2-2: Ground out 5-3 (Groundball, 56, EV 110.6 MPH)
|
|
Batting: RHB Gabe Allen
|
0-0: Ball 1-0: Called Strike 1-1: Ball 2-1: Ball 3-1: Foul Ball, location: 2F 3-2: Foul Ball, location: 2F 3-2: Foul Ball, location: 2F 3-2: Strikes out swinging
|
| Top of the 9th over - 0 runs, 0 hits, 0 errors, 0 left on base; Greeneville 2 - Orem 9 |
|